AoeStats
← ObiGOD

Arabia

507384360Analyzed
3v3 RM · 14d ago on Sep 18, 2026· 35m 46s· 6 players
Game mode
Random Map
Map size
Normal (6 player)
Population
200
Speed
Normal
Resources
Standard
Victory
Conquest
Starting age
Dark Age
Ending age
Imperial Age
RankedLock teamsTeams togetherTeam positionsShared explorationLock speedFull tech treeHidden civsTurbo modeCheats
Victory
Defeat
🇺🇾 Magyars · Uruguay
1111
+19
🇺🇾 Maya · Uruguay
1109
+19
🇺🇾 Georgians · Uruguay
1106
+19
🇦🇷 Cumans · Argentina
1173
-19
🇦🇷 Magyars · Argentina
1173
-19
🇦🇷 Malay · Argentina
1165
-19
Luzbelito95
7:36 Loom
10:23 Feudal Age
10:54 Double-Bit Axe
17:31 Horse Collar
21:19 Bloodlines
23:36 Castle Age
23:40 Scale Barding Armor
23:47 Forging
24:54 Chain Barding Armor
25:23 Gold Mining
26:21 Iron Casting
29:53 Heavy Plow
33:30 Fletching
34:31 Wheelbarrow
34:08 Bodkin Arrow
ObiGOD
4:19 Loom
11:09 Feudal Age
10:47 Double-Bit Axe
10:45 Horse Collar
19:55 Castle Age
18:17 Stone Mining
20:23 Bow Saw
33:19 Murder Holes
34:56 Fletching
gaus
3:34 Loom
9:53 Feudal Age
10:45 Double-Bit Axe
20:51 Castle Age
19:03 Gold Mining
19:23 Fletching
19:37 Padded Archer Armor
20:58 Stone Mining
21:55 Wheelbarrow
22:26 Bodkin Arrow
22:39 Town Watch
23:13 Leather Archer Armor
23:21 Husbandry
26:05 Thumb Ring
29:51 Elite Skirmisher
Augustox
7:47 Loom
9:45 Feudal Age
10:37 Horse Collar
10:47 Double-Bit Axe
15:13 Scale Barding Armor
16:50 Forging
18:25 Bloodlines
18:11 Town Watch
22:06 Castle Age
22:25 Gold Mining
22:26 Stone Mining
22:16 Light Cavalry
22:57 Husbandry
23:21 Chain Barding Armor
23:35 Bow Saw
23:37 Heavy Plow
25:05 Iron Casting
27:23 Wheelbarrow
28:51 Fletching
29:33 Bodkin Arrow
34:34 Ballistics
TalibAn Loco
7:08 Loom
9:51 Feudal Age
10:46 Horse Collar
10:52 Double-Bit Axe
19:56 Castle Age
19:56 Scale Barding Armor
20:19 Bloodlines
20:05 Gold Mining
20:56 Bow Saw
22:15 Gold Shaft Mining
21:49 Heavy Plow
25:12 Wheelbarrow
24:35 Town Watch
26:24 Husbandry
27:21 Fletching
28:11 Pikeman
29:27 Scale Mail Armor
32:40 Chain Mail Armor
37:31 Imperial Age
36:10 Chain Barding Armor
PePaPi
0:29 Loom
11:58 Feudal Age
13:31 Double-Bit Axe
14:51 Fletching
15:23 Horse Collar
24:09 Castle Age
24:17 Crossbowman
25:00 Bodkin Arrow
29:26 Ballistics
Connection lost

Rejoining the realm…

Still unreachable

The connection could not be restored.

Session expired

The server has moved on; the page needs a fresh start.